 Dungeon Crawl Stone Soup version 0.22.0-75-g3901e79 (webtiles) character file.

52 whitewolfNL the Firebug (level 3, -1/20 HPs)
             Began as a Gargoyle Fire Elementalist on Sept 11, 2018.
             Slain by an adder (3 damage)
             ... on level 2 of the Dungeon.
             The game lasted 00:14:15 (1613 turns).

whitewolfNL the Firebug (GrFE)                      Turns: 1613, Time: 00:14:16

Health: -1/20      AC:  6    Str: 11    XL:     3   Next: 85%
Magic:  0/6        EV: 11    Int: 16    God:
Gold:   60         SH:  0    Dex: 10    Spells: 0/6 levels left

rFire    . . .     SeeInvis .   s - +0 club
rCold    . . .     Gourm    .   (no shield)
rNeg     + . .     Faith    .   f - +0 leather armour
rPois    ∞         Spirit   .   (no helmet)
rElec    +         Reflect  .   (no cloak)
rCorr    +         Harm     .   (no gloves)
MR       .....                  (no boots)
Stlth    ++........             (no amulet)
HPRegen  0.06/turn              x - ring of resist corrosion
MPRegen  0.10/turn              z - ring of flight

@: very slightly contaminated
A: negative energy resistance 1, electricity resistance, unbreathing,
petrification resistance, rot immunity, AC +3
a: Evoke Flight


You were on level 2 of the Dungeon.
You were not hungry.

You visited 1 branch of the dungeon, and saw 2 of its levels.

You collected 60 gold pieces.

Inventory:

Hand Weapons
 e - a +0 mace
 s - a +0 club (weapon)
Missiles
 a - 22 bolts
 l - a throwing net (quivered)
 p - 82 stones
 y - 3 sling bullets
Armour
 f - a +0 leather armour (worn)
 k - a +0 shield
 n - a +0 ring mail
 u - a +0 large shield
Jewellery
 x - a ring of resist corrosion (left hand)
 z - a ring of flight (right hand)
Scrolls
 b - a scroll of random uselessness {unknown}
 j - a scroll of magic mapping {unknown}
 m - a scroll of identify {unknown}
 o - a scroll of remove curse {unknown}
 q - a scroll of blinking {unknown}
Potions
 d - a potion of invisibility {unknown}
 g - a potion of degeneration {unknown}
 h - 3 potions of curing {unknown}
 i - a potion of heal wounds {unknown}
 r - a potion of mutation {unknown}
 v - a potion of might {unknown}
Comestibles
 c - a ration


   Skills:
 + Level 0.5 Fighting
 - Level 0.6 Maces & Flails
 - Level 0.2 Armour
 * Level 1.8 Dodging
 * Level 2.7 Stealth
 + Level 2.2 Spellcasting
 + Level 1.4 Conjurations
 * Level 3.7 Fire Magic


You couldn't memorise any spells.
You knew the following spells:

 Your Spells              Type           Power        Failure   Level  Hunger
a - Flame Tongue          Conj/Fire      #....        10%         1    #......
b - Throw Flame           Conj/Fire      #.....       14%         2    ###....
c - Inner Flame           Hex/Fire       #.......     36%         3    ###....

Your spell library contained the following spells:

 Spells                   Type           Power        Failure   Level  Hunger
 Conjure Flame            Conj/Fire      #.......     28%         3    ###....
 Sticky Flame             Conj/Fire      #.......     67%         4    #####..
 Fireball                 Conj/Fire      #.........   95%         5    ######.


Dungeon Overview and Level Annotations

Branches:
Dungeon (2/15)

Altars:


Innate Abilities, Weirdness & Mutations

You are resistant to torment.
Your stone body is resilient. (AC +3)
You are immune to poison.
You resist negative energy. (rN+)
You are resistant to electric shocks. (rElec)
You can survive without breathing.
You are immune to petrification.
You are immune to rotting.


Message History

The adder is moderately wounded.
The gnoll closely misses you. The adder bites you.
Casting: Flame Tongue (safe; 10% risk of failure)
Confirm with . or Enter, or press ? or * to list all spells.
Aiming: Flame Tongue (safe; 10% risk of failure)
Press: ? - help, Shift-Dir - straight line, f - adder
Aim: an adder (moderately wounded)
The flame tongue hits the adder.
The adder is almost dead.
The adder bites you.
The gnoll hits you from afar with a spear.
* * * LOW HITPOINT WARNING * * *
You closely miss the adder.
The adder is severely wounded.
The adder bites you but does no damage. The gnoll barely misses you.
The adder misses you. The gnoll closely misses you.
You completely miss the adder.
The adder is severely wounded.
The adder barely misses you. The gnoll barely misses you. The adder bites you.
You die...

..
####.
....
... ..
#.##
#..#
#S# #@#
#)#
#g##
#g<#
##.#
#.# ...
.....
g......


You could see 2 gnolls and an adder.

Vanquished Creatures
  2 gnolls (D:2)
  An ooze (D:1)
  A giant cockroach (D:1)
  4 goblins (D:1)
  6 hobgoblins (D:1)
  3 jackals (D:1)
  5 frilled lizards (D:1)
  3 kobolds (D:1)
  5 rats (D:1)
30 creatures vanquished.

Notes
Turn   | Place    | Note
-------+----------+-------------------------------------------
     0 | D:1      | whitewolfNL the Gargoyle Fire Elementalist began the quest
                  | for the Orb.
     0 | D:1      | Reached XP level 1. HP: 10/10 MP: 3/3
   178 | D:1      | Reached XP level 2. HP: 13/15 MP: 0/5
   822 | D:1      | Reached XP level 3. HP: 17/19 MP: 6/6
   893 | D:1      | Learned a level 2 spell: Throw Flame
   897 | D:1      | Learned a level 3 spell: Inner Flame
  1613 | D:2      | Slain by an adder

Action                   || total
-------------------------++-------
Melee: Whip              ||    17
       Club              ||    67
 Cast: Flame Tongue      ||    36
       Throw Flame       ||     2
  Eat: Chunk             ||     2
       Ration            ||     1
Armor: Leather armour    ||    42
Dodge: Dodged            ||    51
Block: Shield            ||     6
